 Dungeon Crawl Stone Soup version 0.31-a0-237-g2d982f9f85 (webtiles) character file.

Game seed: 5665814447444866714

123 qw the Shooter (level 4, -3/36 HPs)
             Began as a Minotaur Hexslinger on July 10, 2023.
             Slain by a mummy (14 damage)
             ... on level 3 of the Dungeon.
             The game lasted 00:00:44 (2209 turns).

qw the Shooter (Minotaur Hexslinger)                Turns: 2209, Time: 00:00:44

Health: -3/36      AC:  2    Str: 13      XL:     4   Next: 80%
Magic:  0/4        EV: 12    Int:  7 (10) God:
Gold:   204        SH:  0    Dex: 12 (14) Spells: 4/5 levels left

rFire   . . .        Y - +1 sling
rCold   . . .        (no shield)
rNeg    . . .        c - +0 robe
rPois   .            (helmet restricted)
rElec   .            (no cloak)
rCorr   .            (no gloves)
SInv    .            (no boots)
Will    .....        d - amulet of guardian spirit
Stlth   +            (no ring)
HPRegen 0.26/turn    (no ring)
MPRegen 0.09/turn

%: guardian spirit
@: no status effects
A: horns 2, retaliatory headbutt
a: no special abilities


You were on level 3 of the Dungeon.
You visited 1 branch of the dungeon, and saw 3 of its levels.

You collected 204 gold pieces.


Innate Abilities, Weirdness & Mutations

You have a pair of horns on your head.
You reflexively headbutt those who attack you in melee.


   Skills:
 + Level 2.1 Fighting
 - Level 5.3 Ranged Weapons
 - Level 2.1 Dodging
 - Level 1.0 Spellcasting
 - Level 2.0 Hexes


You had 4 spell levels left.
You knew the following spells:

 Your Spells              Type           Power      Damage    Failure   Level
a - Slow                  Hex            12%        N/A       19%         1

Your spell library contained the following spells:

 Spells                   Type           Power      Damage    Failure   Level
 Inner Flame              Hex/Fire       1%         N/A       63%         3
 Portal Projectile        Hex/Tloc       2%         N/A       63%         3
 Cause Fear               Hex            1%         N/A       88%         4

Inventory:

Hand Weapons
 Y - a +1 sling (weapon)
Armour
 c - a +0 robe (worn)
Jewellery
 d - an amulet of guardian spirit (around neck)
Scrolls
 a - 2 scrolls of identify
 f - 2 scrolls of amnesia {unknown}
 j - a scroll of immolation {unknown}
Potions
 b - a potion of heal wounds {unknown}
 e - a potion of berserk rage {unknown}
 g - a potion of cancellation {unknown}
 h - a potion of lignification {unknown}
 i - 3 potions of curing {unknown}

Dungeon Overview and Level Annotations

Branches:
Dungeon (3/15)

Altars:
Cheibriados
The Shining One


Message History

You shoot a sling bullet.
The sling bullet barely misses the mummy.
You shoot a sling bullet.
The sling bullet closely misses the mummy.
You shoot a sling bullet.
The sling bullet barely misses the mummy.
You shoot a sling bullet. The sling bullet hits the mummy.
The mummy is lightly damaged.
You shoot a sling bullet. The sling bullet hits the mummy.
The mummy is moderately damaged.
You shoot a sling bullet.
The sling bullet completely misses the mummy.
You shoot a sling bullet.
The sling bullet hits the mummy but does no damage.
The mummy is moderately damaged.
You shoot a sling bullet.
The sling bullet hits the mummy but does no damage.
The mummy is moderately damaged.
You shoot a sling bullet.
The sling bullet barely misses the mummy.
The mummy barely misses you.
You shoot a sling bullet. The sling bullet hits the mummy.
The mummy is moderately damaged.
You shoot a sling bullet. The sling bullet hits the mummy.
The mummy is heavily damaged.
The mummy hits you!
You shoot a sling bullet.
The sling bullet hits the mummy but does no damage.
The mummy is heavily damaged.
The mummy barely misses you.
You shoot a sling bullet. The sling bullet hits the mummy.
The mummy is heavily damaged.
You shoot a sling bullet.
The sling bullet hits the mummy but does no damage.
The mummy is heavily damaged.
The mummy hits you!
You shoot a sling bullet.
The sling bullet barely misses the mummy.
The mummy hits you!
You die...

#..................#.# ######
#.#.)#.#+#....##.#.#.#######....#
.....#.....#..##.#.#......##....#
#.##.#.....+..##.#.#######.......
#.##)#.....##..........##..######
#.##.#.....#####.#........##....#
#.##.#.###.#####.#####.##.#.####.
#....#...........M.....##.#.#M<#.
####.).....#####@########.##+._#.
'.......# #......# #..#####.
#.......# #......# #.#.....#
####+##.# #......# #.####### #.#
#......# ##........ #.#
#......####..#..+### #.#
###...............#
#################


You could see a mummy.

Vanquished Creatures
  A scorpion (D:3)
  2 adders
  5 endoplasms
  2 giant cockroaches (D:2)
  8 hobgoblins
  8 kobolds
  A quokka (D:1)
  7 ball pythons
  7 bats
  3 frilled lizards
  4 rats
48 creatures vanquished.

Notes
Turn   | Place    | Note
-------+----------+-------------------------------------------
     0 | D:1      | qw the Minotaur Hexslinger began the quest for the Orb.
     0 | D:1      | Reached XP level 1. HP: 16/16 MP: 1/1
     0 | D:1      | 0 ||| qw: Version: 0.3-a-52-g30416fa
     0 | D:1      | 0 ||| qw: Game counter: 5009
     0 | D:1      | 0 ||| qw: Melee chars always use a shield: true
     0 | D:1      | 0 ||| qw: God list: Okawaru
     0 | D:1      | 0 ||| qw: Allow faded altars: false
     0 | D:1      | 0 ||| qw: Do Orc after clearing Dungeon:15 true
     0 | D:1      | 0 ||| qw: Do second Lair branch before Depths: true
     0 | D:1      | 0 ||| qw: Lair rune preference: random
     0 | D:1      | 0 ||| qw: Goals: Normal
     0 | D:1      | 0 ||| PLANNING D:1-11
   111 | D:1      | Reached skill level 3 in Ranged Weapons
   150 | D:1      | Reached XP level 2. HP: 23/23 MP: 2/2
   436 | D:1      | 436 ||| UPGRADING to amulet of guardian spirit.
   441 | D:1      | 441 ||| READING 2 scrolls labelled CIOTUR NESUT.
   442 | D:1      | 442 ||| READING scroll labelled JUSCHU PUPRY.
   543 | D:1      | 543 ||| DROPPING scroll of revelation.
   544 | D:1      | 544 ||| DROPPING scroll of poison.
   692 | D:2      | Found a glowing golden altar of the Shining One.
   736 | D:2      | Reached XP level 3. HP: 29/29 MP: 3/3
  1081 | D:2      | 1081 ||| READING scroll labelled MITISA PENK.
  1082 | D:2      | 1082 ||| Stepping ~*~*~tactically~*~*~ (water).
  1191 | D:2      | 1191 ||| Stepping ~*~*~tactically~*~*~ (water).
  1194 | D:2      | Reached skill level 4 in Ranged Weapons
  1406 | D:2      | 1406 ||| READING scroll labelled XECUITZADY.
  1407 | D:2      | 1407 ||| DRINKING 2 clear potions.
  1408 | D:2      | 1408 ||| DROPPING potion of degeneration.
  1490 | D:3      | Found a faded altar of an unknown god.
  1532 | D:3      | 1532 ||| Stepping ~*~*~tactically~*~*~ (outnumbered).
  1708 | D:3      | Noticed a scorpion
  1716 | D:3      | Killed a scorpion
  1717 | D:3      | Reached skill level 5 in Ranged Weapons
  1717 | D:3      | Reached XP level 4. HP: 28/36 MP: 2/4
  1729 | D:3      | 1729 ||| FLEEEEING.
  1730 | D:3      | 1730 ||| FLEEEEING.
  1731 | D:3      | 1731 ||| FLEEEEING.
  1732 | D:3      | 1732 ||| FLEEEEING.
  1813 | D:3      | Found a snail-covered altar of Cheibriados.
  2209 | D:3      | Slain by a mummy

Levels and vault maps discovered:
D:1:      heliophobic_arrival_glass_houses, layout_basic
D:2:      layout_basic, serial_bayou, serial_bayou_shore_b,
          serial_bayou_lagoon_a, serial_bayou_lagoon_b, serial_bayou_pond_d,
          basic_altar
D:3:      layout_basic, chei_slow_surprise, ebering_ecumenical_altar_mist

Skill      XL: |  1  2  3 |
---------------+----------+-----
Ranged Weapons | 3 5 |  5.3
Fighting       | 2 |  2.1
Dodging        | |  2.1
Spellcasting   | |  1.0
Hexes          | |  2.0

Action                     |  1- 3 |  4- 6 || total
---------------------------+-------+-------++-------
   Fire: Sling             |   129 |    24 ||   153
    Use: Scroll            |     4 |       ||     4
         Potion            |     1 |       ||     1
 Armour: Robe              |     7 |       ||     7
  Dodge: Dodged            |    36 |     2 ||    38

Table legend:
 A = Non-vault XP
 B = Vault XP
 C = Vault XP percentage of total XP
 D = Non-vault monster count
 E = Vault monster count
 F = Vault count percentage of total count
                 A         B        C        D         E       F
            +---------+---------+-------+---------+---------+-------
      Total |     177 |       0 |   0.0 |      48 |       0 |   0.0
            +---------+---------+-------+---------+---------+-------
        D:1 |      32 |       0 |   0.0 |      20 |       0 |   0.0
        D:2 |      35 |       0 |   0.0 |      15 |       0 |   0.0
        D:3 |     110 |       0 |   0.0 |      13 |       0 |   0.0
            +---------+---------+-------+---------+---------+-------
